Blackdemons vs Staline

Created - 9 février 2015 at 19:10

Goals
1 2 3 T
Blackdemons 0 1 1 2
Staline 0 2 2 4
Shots
1 2 3 T
Blackdemons 7 15 12 34
Staline 10 12 9 31

1st period

No Goal

Penalties :
Jakub Kindl (MJM) for Kneeing (Major) at 7:54

2nd period

1. Staline , Devin Setoguchi 40 (Yan Stastny, Pierre-Luc Létourneau) at 12:29 (PP)
2. Blackdemons , Jakub Kindl 4 (Matt Hunwick, Alyn McCauley) at 19:33
3. Staline , Yan Stastny 18 (Theo Peckham) at 19:45

Penalties :
Devin Setoguchi (StJ) for Tripping (Minor) at 2:56, Tobias Stephan (StJ) for Delaying the game (Minor) at 3:08 - Pierre-Luc Létourneau served the penalty, Matt Calvert (MJM) for Hooking (Minor) at 6:00, Mathieu Perreault (StJ) for Hooking (Minor) at 8:07, Steven Zalewski (MJM) for Roughing (Minor) at 10:26, Matt Hunwick (MJM) for Holding (Minor) at 11:16, Torey Krug (StJ) for Roughing (Minor) at 16:07

3rd period

4. Staline , Cam Janssen 26 (Andrei Loktionov) at 0:33
5. Blackdemons , Sam Gagner 18 (Enver Lisin, Michael Kostka) at 10:56
6. Staline , Jared Boll 13 (Cody Eakin) at 13:04

Penalties :
Aaron Ness (StJ) for Hooking (Minor) at 16:04

Goalie Stats

Martin Biron (MJM), 27 saves from 31 shots - (0,871), L, 34-9-4, 60:00 minutes
Tobias Stephan (StJ), 32 saves from 34 shots - (0,941), W, 33-12-3, 60:00 minutes

Players Stats for Blackdemons

Player Name              G  A  P  +/- PIM S  H  SB GA TA FO     MP     PP MP  PK MP  
------------------------------------------------------------------------------------
Alyn McCauley            0  1  1   0  0   2  2  0  1  0  2/5    10:27   0:00   2:58 
Andrew MacDonald         0  0  0   0  0   3  2  1  0  0  0/0    15:08   3:45   0:31 
Barry Tallackson         0  0  0  -1  0   3  1  0  0  0  0/0    17:24   3:30   2:55 
Brendon Nash             0  0  0  -1  0   0  3  2  2  0  0/0    28:20   4:23   4:13 
Enver Lisin              0  1  1   0  0   4  2  0  1  1  0/0    20:41   4:31   1:04 
Jakub Kindl              1  0  1   0  5   1  4  2  0  0  0/0    14:53   0:00   2:06 
Luca Caputi              0  0  0   0  0   0  2  0  0  0  0/0     7:06   0:00   0:00 
Mathieu Dandenault       0  0  0   0  0   1  3  1  2  1  0/0    13:27   0:07   3:41 
Matt Calvert             0  0  0   0  2   0  1  0  0  0  0/0    13:04   3:30   0:00 
Matt Hunwick             0  1  1   1  2   1  1  0  0  0  0/0    14:42   0:00   3:59 
Michael Haley            0  0  0  -1  0   2  3  1  0  0  0/0    12:44   0:20   1:09 
Michael Kostka           0  1  1  -1  0   4  3  1  1  0  0/0    28:14   4:23   4:06 
Nate Prosser             0  0  0  -1  0   1  2  2  1  0  0/0    18:42   3:45   3:06 
Sam Gagner               1  0  1   0  0   4  0  1  1  0  20/31  19:14   4:31   0:00 
Shawn Matthias           0  0  0  -1  0   2  2  1  1  0  6/12   14:34   3:30   0:00 
Steven Zalewski          0  0  0   0  2   0  1  0  0  0  0/0     7:09   0:00   0:04 
Wayne Primeau            0  0  0   0  0   3  1  0  1  2  5/10   14:49   0:00   5:02 
Zach Boychuk             0  0  0   0  0   3  1  1  1  0  1/2    19:08   4:25   0:00 

Players Stats for Staline

Player Name              G  A  P  +/- PIM S  H  SB GA TA FO     MP     PP MP  PK MP  
------------------------------------------------------------------------------------
Aaron Ness               0  0  0   0  2   1  0  1  0  0  0/0    10:40   0:23   0:00 
Andrei Loktionov         0  1  1   0  0   2  1  0  0  0  9/16   15:52   3:22   0:00 
Cam Janssen              1  0  1   0  0   1  2  0  0  0  1/1    17:24   3:15   1:31 
Cody Eakin               0  1  1   1  0   2  1  0  0  1  2/2     8:28   0:44   1:14 
Devin Setoguchi          1  0  1   0  2   4  1  3  2  0  0/2    23:27   4:36   3:11 
J.T. Wyman               0  0  0   0  0   2  2  0  0  0  0/0     8:55   1:10   0:00 
James Sheppard           0  0  0   1  0   0  0  0  0  1  0/0     6:37   0:19   0:00 
Jared Boll               1  0  1   1  0   4  0  0  1  0  0/1     8:03   1:03   0:00 
Keith Aulie              0  0  0   0  0   2  0  1  0  1  0/0    22:02   3:53   3:33 
Mason Raymond            0  0  0   0  0   2  1  0  0  0  1/2    17:27   3:22   1:01 
Mathieu Perreault        0  0  0   0  2   0  0  0  0  0  1/2     7:24   0:00   0:00 
Nick Spaling             0  0  0   0  0   2  0  0  0  0  0/1    10:23   0:00   2:33 
Peter Holland            0  0  0   0  0   0  0  0  0  0  0/0     0:18   0:00   0:18 
Pierre-Luc Létourneau    0  1  1   0  0   4  3  0  0  1  2/6    23:29   4:36   3:10 
Stu Bickel               0  0  0   1  0   0  4  5  0  2  0/0    27:15   4:43   4:35 
T.J. Fast                0  0  0   1  0   2  1  1  1  4  0/0    27:17   4:45   4:35 
Theo Peckham             0  1  1   0  0   1  1  1  0  0  0/0    22:00   3:51   3:33 
Torey Krug               0  0  0   0  2   0  0  1  0  0  0/0    11:10   0:27   0:00 
Yan Stastny              1  1  2   0  0   2  1  1  0  2  10/27  21:50   4:36   1:31 

3 Stars

1 - Yan Stastny (StJ)
2 - Cam Janssen (StJ)
3 - Jared Boll (StJ)

Power Play

Blackdemons - 0 on 5 Attempt(s) - 0,00%
Staline - 1 on 4 Attempt(s) - 25,00%

Penalty Kill

Blackdemons - 3 on 4 Attempt(s) - 75,00% - Score 0 goal in Penalty Kill
Staline - 5 on 5 Attempt(s) - 100,00% - Score 0 goal in Penalty Kill

Team Stat

Blackdemons - Hits : 34 - Faceoff Wins : 34 - Blocked Shots : 13 - Penalty Minutes : 11
Staline - Hits : 18 - Faceoff Wins : 26 - Blocked Shots : 14 - Penalty Minutes : 8

Official

Referees : McCauley Wes and Charron Francis
Linesman : Scott Cherrey and David Brisebois

Game Notes

8:19 of 2nd period - Blackdemons goal is going for a video replay. After video review, No Goal. The net was displaced accidentally.

Finance

Level 1 -- Attendance: 1646 (82,30%) -- Ticket Income 57 610 $
Level 2 -- Attendance: 733 (73,30%) -- Ticket Income 10 995 $
Total Attendance: 2379 (79,30%)
Total Ticket Income: 68 605 $
Other Income: 3 430 $
Total Income: 72 035 $

Blackdemons

5 vs 5 Forward 
   Center                   Left Wing                Right Wing               Time % Phy DF OF 
 1 Sam Gagner               Zach Boychuk             Enver Lisin              40     1   2  2  
 2 Shawn Matthias           Michael Haley            Barry Tallackson         30     2   2  1  
 3 Wayne Primeau            Matt Calvert             Mathieu Dandenault       20     1   3  1  
 4 Alyn McCauley            Luca Caputi              Steven Zalewski          10     1   3  1  

5 vs 5 Defense 
   Defense                  Defense                                           Time % Phy DF OF 
 1 Michael Kostka           Brendon Nash                                      40     1   3  1  
 2 Nate Prosser             Jakub Kindl                                       30     1   3  1  
 3 Matt Hunwick             Andrew MacDonald                                  20     1   3  1  
 4 Matt Hunwick             Andrew MacDonald                                  10     1   3  1  

PowerPlay Forward 
   Center                   Left Wing                Right Wing               Time % Phy DF OF 
 1 Sam Gagner               Zach Boychuk             Enver Lisin              60     1   1  3  
 2 Shawn Matthias           Matt Calvert             Barry Tallackson         40     2   1  2  

PowerPlay Defense
   Defense                  Defense                                           Time % Phy DF OF 
 1 Michael Kostka           Brendon Nash                                      60     1   2  2  
 2 Nate Prosser             Andrew MacDonald                                  40     1   2  2  

Penalty Kill 4 Players Forward 
   Center                   Wing                     Time % Phy DF OF 
 1 Wayne Primeau            Mathieu Dandenault       60     1   4  0  
 2 Alyn McCauley            Barry Tallackson         40     1   4  0  

Penalty Kill 4 Players Defense
   Defense                  Defense                  Time % Phy DF OF 
 1 Michael Kostka           Brendon Nash             60     1   4  0  
 2 Matt Hunwick             Jakub Kindl              40     1   4  0  

Penalty Kill - 3 Players Forward 
   Forward                                           Time % Phy DF OF 
 1 Wayne Primeau                                     60     1   4  0  
 2 Alyn McCauley                                     40     1   4  0  

Penalty Kill - 3 Players Defense
   Defense                  Defense                  Time % Phy DF OF 
 1 Michael Kostka           Brendon Nash             60     1   4  0  
 2 Matt Hunwick             Jakub Kindl              40     1   4  0  

4 vs 4 Forward 
   Center                   Wing                     Time % Phy DF OF 
 1 Sam Gagner               Enver Lisin              60     1   1  3  
 2 Shawn Matthias           Barry Tallackson         40     1   2  2  

4 vs 4 Defense
   Defense                  Defense                  Time % Phy DF OF 
 1 Michael Kostka           Brendon Nash             60     1   3  1  
 2 Matt Hunwick             Jakub Kindl              40     1   3  1  

Last Minutes Offensive
   Center                   Left Wing                Right Wing               Defense                  Defense                  
   Sam Gagner               Barry Tallackson         Enver Lisin              Michael Kostka           Brendon Nash             

Last Minutes Defensive
   Center                   Left Wing                Right Wing               Defense                  Defense                  
   Wayne Primeau            Alyn McCauley            Barry Tallackson         Michael Kostka           Brendon Nash             

Goaltenders
Starting : Martin Biron             
Backup : Matt Hackett             

Extra Forwards
Normal : Shawn Matthias, Wayne Primeau, Alyn McCauley - PP : Michael Haley, Mathieu Dandenault - PK : Enver Lisin
Extra Defensemen
Normal : Nate Prosser, Andrew MacDonald, Jakub Kindl - PP : Jakub Kindl - PK : Nate Prosser, Andrew MacDonald
Penalty Shots
Barry Tallackson, Enver Lisin, Shawn Matthias, Wayne Primeau, Alyn McCauley

Staline

5 vs 5 Forward 
   Center                   Left Wing                Right Wing               Time % Phy DF OF 
 1 Yan Stastny              Pierre-Luc Létourneau    Devin Setoguchi          40     1   2  2  
 2 Andrei Loktionov         Mason Raymond            Cam Janssen              30     1   2  2  
 3 Mathieu Perreault        Nick Spaling             J.T. Wyman               20     1   2  2  
 4 Cody Eakin               James Sheppard           Jared Boll               10     1   2  2  

5 vs 5 Defense 
   Defense                  Defense                                           Time % Phy DF OF 
 1 T.J. Fast                Stu Bickel                                        40     1   2  2  
 2 Theo Peckham             Keith Aulie                                       30     1   2  2  
 3 Torey Krug               Aaron Ness                                        20     1   2  2  
 4 T.J. Fast                Stu Bickel                                        10     1   2  2  

PowerPlay Forward 
   Center                   Left Wing                Right Wing               Time % Phy DF OF 
 1 Yan Stastny              Pierre-Luc Létourneau    Devin Setoguchi          60     1   2  2  
 2 Andrei Loktionov         Mason Raymond            Cam Janssen              40     1   2  2  

PowerPlay Defense
   Defense                  Defense                                           Time % Phy DF OF 
 1 T.J. Fast                Stu Bickel                                        60     1   2  2  
 2 Theo Peckham             Keith Aulie                                       40     1   2  2  

Penalty Kill 4 Players Forward 
   Center                   Wing                     Time % Phy DF OF 
 1 Pierre-Luc Létourneau    Devin Setoguchi          60     1   2  2  
 2 Yan Stastny              Cam Janssen              40     1   2  2  

Penalty Kill 4 Players Defense
   Defense                  Defense                  Time % Phy DF OF 
 1 T.J. Fast                Stu Bickel               60     1   2  2  
 2 Theo Peckham             Keith Aulie              40     1   2  2  

Penalty Kill - 3 Players Forward 
   Forward                                           Time % Phy DF OF 
 1 Pierre-Luc Létourneau                             60     1   2  2  
 2 Devin Setoguchi                                   40     1   2  2  

Penalty Kill - 3 Players Defense
   Defense                  Defense                  Time % Phy DF OF 
 1 T.J. Fast                Stu Bickel               60     1   2  2  
 2 Theo Peckham             Keith Aulie              40     1   2  2  

4 vs 4 Forward 
   Center                   Wing                     Time % Phy DF OF 
 1 Pierre-Luc Létourneau    Devin Setoguchi          60     1   2  2  
 2 Yan Stastny              Cam Janssen              40     1   2  2  

4 vs 4 Defense
   Defense                  Defense                  Time % Phy DF OF 
 1 T.J. Fast                Stu Bickel               60     1   2  2  
 2 Theo Peckham             Keith Aulie              40     1   2  2  

Last Minutes Offensive
   Center                   Left Wing                Right Wing               Defense                  Defense                  
   Yan Stastny              Pierre-Luc Létourneau    Devin Setoguchi          T.J. Fast                Stu Bickel               

Last Minutes Defensive
   Center                   Left Wing                Right Wing               Defense                  Defense                  
   Yan Stastny              Pierre-Luc Létourneau    Devin Setoguchi          T.J. Fast                Stu Bickel               

Goaltenders
Starting : Tobias Stephan           
Backup : Martin Houle             

Extra Forwards
Normal : J.T. Wyman, Jared Boll, Nick Spaling - PP : J.T. Wyman, Jared Boll - PK : Nick Spaling
Extra Defensemen
Normal : Torey Krug, Aaron Ness, Theo Peckham - PP : Torey Krug - PK : Aaron Ness, Theo Peckham
Penalty Shots
Pierre-Luc Létourneau, Devin Setoguchi, Yan Stastny, Cam Janssen, Andrei Loktionov

% Time on Ice - Blackdemons

Lines # - Real PCT - Wanted PCT - Time Play
Normal Forward
1 - 35% - 40% - 14:49
2 - 27% - 30% - 11:22
3 - 22% - 20% - 9:34
4 - 17% - 10% - 7:06
Normal Defense
1 - 46% - 40% - 19:44
2 - 32% - 30% - 13:52
3 - 18% - 20% - 7:37
4 - 4% - 10% - 1:38
PP Forward
1 - 57% - 60% - 4:38
2 - 43% - 40% - 3:30
PP Defense
1 - 54% - 60% - 4:23
2 - 46% - 40% - 3:45
PK Forward
1 - 63% - 60% - 4:57
2 - 37% - 40% - 2:55
PK Defense
1 - 44% - 60% - 3:27
2 - 56% - 40% - 4:25
PK3 Forward
1 - 100% - 60% - 1:09
2 - 0% - 40% - 0:00
PK3 Defense
1 - 54% - 60% - 0:37
2 - 46% - 40% - 0:32
44 Forward
1 - 0% - 60%
2 - 0% - 40%
44 Defense
1 - 0% - 60%
2 - 0% - 40%
Last Minute Offensive  - 0:00
Last Minute Defensive  - 0:00
Total
Forward - 60:00
Defense - 60:00

% Time on Ice - Staline

Lines # - Real PCT - Wanted PCT - Time Play
Normal Forward
1 - 39% - 40% - 16:41
2 - 29% - 30% - 12:30
3 - 17% - 20% - 7:22
4 - 15% - 10% - 6:18
Normal Defense
1 - 40% - 40% - 17:11
2 - 34% - 30% - 14:36
3 - 24% - 20% - 10:18
4 - 2% - 10% - 0:46
PP Forward
1 - 59% - 60% - 5:20
2 - 41% - 40% - 3:41
PP Defense
1 - 57% - 60% - 5:10
2 - 43% - 40% - 3:51
PK Forward
1 - 76% - 60% - 4:50
2 - 24% - 40% - 1:31
PK Defense
1 - 55% - 60% - 3:30
2 - 45% - 40% - 2:51
PK3 Forward
1 - 100% - 60% - 1:47
2 - 0% - 40% - 0:00
PK3 Defense
1 - 61% - 60% - 1:05
2 - 39% - 40% - 0:42
44 Forward
1 - 0% - 60%
2 - 0% - 40%
44 Defense
1 - 0% - 60%
2 - 0% - 40%
Last Minute Offensive  - 0:00
Last Minute Defensive  - 0:00
Total
Forward - 60:00
Defense - 60:00

Play by Play

1st period


0:01 of 1st period - Sam Gagner wins face-off versus Yan Stastny in neutral zone.
0:12 of 1st period - Off-side.
0:13 of 1st period - Andrei Loktionov wins face-off versus Shawn Matthias in neutral zone.
0:51 of 1st period - Matt Hunwick is hit by J.T. Wyman and loses puck.
2:26 of 1st period - Nate Prosser is hit by Pierre-Luc Létourneau and loses puck.
2:46 of 1st period - Theo Peckham is hit by Luca Caputi and loses puck.
2:53 of 1st period - Slapshot by Alyn McCauley.
2:53 of 1st period - Shot Misses the Net.
2:55 of 1st period - Slapshot by Steven Zalewski.
2:55 of 1st period - Shot Misses the Net.
2:57 of 1st period - Snap shot by Alyn McCauley.
2:57 of 1st period - Shot Blocked by Keith Aulie.
3:07 of 1st period - Nate Prosser is hit by Cam Janssen and loses puck.
4:09 of 1st period - Icing by Wayne Primeau.
4:10 of 1st period - Cody Eakin wins face-off versus Wayne Primeau in Blackdemons zone.
4:23 of 1st period - Snap shot by Matt Hunwick.
4:23 of 1st period - Shot Misses the Net.
4:25 of 1st period - Slapshot by Andrew MacDonald.
4:25 of 1st period - Stopped by Tobias Stephan with a rebound.
4:27 of 1st period - Slapshot by Andrew MacDonald.
4:27 of 1st period - Stopped by Tobias Stephan with a rebound.
4:39 of 1st period - Wrist shot by Wayne Primeau.
4:39 of 1st period - Stopped by Tobias Stephan without a rebound.
4:40 of 1st period - Sam Gagner wins face-off versus Yan Stastny in Staline zone.
4:47 of 1st period - Slapshot by Enver Lisin.
4:47 of 1st period - Shot Misses the Net.
4:49 of 1st period - Wrist shot by Enver Lisin.
4:49 of 1st period - Deflect By Devin Setoguchi.
4:49 of 1st period - Shot Misses the Net.
4:49 of 1st period - Puck is out of play.
4:50 of 1st period - Sam Gagner wins face-off versus Yan Stastny in Staline zone.
5:04 of 1st period - Slapshot by Devin Setoguchi.
5:04 of 1st period - Stopped by Martin Biron without a rebound.
5:05 of 1st period - Shawn Matthias wins face-off versus Andrei Loktionov in Blackdemons zone.
5:39 of 1st period - Wrist shot by Pierre-Luc Létourneau.
5:39 of 1st period - Stopped by Martin Biron without a rebound.
5:40 of 1st period - Mathieu Perreault wins face-off versus Shawn Matthias in Blackdemons zone.
5:45 of 1st period - Slapshot by J.T. Wyman.
5:45 of 1st period - Shot Blocked by Nate Prosser.
5:53 of 1st period - Snap shot by Barry Tallackson.
5:53 of 1st period - Deflect By Shawn Matthias.
5:53 of 1st period - Stopped by Tobias Stephan with a rebound.
6:14 of 1st period - Snap shot by Sam Gagner.
6:14 of 1st period - Shot Blocked by Theo Peckham.
6:37 of 1st period - Icing by Theo Peckham.
6:38 of 1st period - Sam Gagner wins face-off versus Andrei Loktionov in Staline zone.
7:02 of 1st period - Snap shot by Andrei Loktionov.
7:02 of 1st period - Shot Misses the Net.
7:04 of 1st period - Slapshot by Keith Aulie.
7:04 of 1st period - Stopped by Martin Biron with a rebound.
7:08 of 1st period - Snap shot by Andrei Loktionov.
7:08 of 1st period - Deflect By Mason Raymond.
7:08 of 1st period - Stopped by Martin Biron with a rebound.
7:22 of 1st period - Snap shot by Mason Raymond.
7:22 of 1st period - Stopped by Martin Biron with a rebound.
7:24 of 1st period - Wrist shot by Andrei Loktionov.
7:24 of 1st period - Shot Misses the Net.
7:26 of 1st period - Slapshot by Theo Peckham.
7:26 of 1st period - Stopped by Martin Biron with a rebound.
7:28 of 1st period - Slapshot by Keith Aulie.
7:28 of 1st period - Stopped by Martin Biron with a rebound.
7:30 of 1st period - Slapshot by Keith Aulie.
7:30 of 1st period - Shot Misses the Net.
7:32 of 1st period - Snap shot by Andrei Loktionov.
7:32 of 1st period - Shot Misses the Net.
7:34 of 1st period - Slapshot by Mason Raymond.
7:34 of 1st period - Shot Blocked by Zach Boychuk.
7:50 of 1st period - Wrist shot by Andrei Loktionov.
7:50 of 1st period - Stopped by Martin Biron without a rebound.
7:51 of 1st period - Shawn Matthias wins face-off versus Yan Stastny in Blackdemons zone.
7:51 of 1st period - Shawn Matthias is hit by Pierre-Luc Létourneau.
7:54 of 1st period - Major Penalty to Jakub Kindl for Kneeing.
7:55 of 1st period - Wayne Primeau wins face-off versus Yan Stastny in Blackdemons zone.
8:09 of 1st period - Yan Stastny is hit by Matt Hunwick and loses puck.
8:38 of 1st period - Wrist shot by Barry Tallackson.
8:38 of 1st period - Stopped by Tobias Stephan without a rebound.
8:39 of 1st period - Andrei Loktionov wins face-off versus Alyn McCauley in Staline zone.
10:31 of 1st period - Snap shot by Barry Tallackson.
10:31 of 1st period - Stopped by Tobias Stephan without a rebound.
10:32 of 1st period - Alyn McCauley wins face-off versus Jared Boll in Staline zone.
10:35 of 1st period - Snap shot by Alyn McCauley.
10:35 of 1st period - Stopped by Tobias Stephan with a rebound.
10:41 of 1st period - Matt Hunwick is hit by Theo Peckham and loses puck.
11:42 of 1st period - Alyn McCauley is hit by Pierre-Luc Létourneau and loses puck.
12:25 of 1st period - Keith Aulie is hit by Barry Tallackson and loses puck.
12:54 of 1st period - Penalty to Jakub Kindl is over, Jakub Kindl is back on ice.
13:32 of 1st period - J.T. Wyman is hit by Michael Haley and loses puck.
13:51 of 1st period - Cam Janssen is hit by Mathieu Dandenault.
14:11 of 1st period - Jared Boll is hit by Michael Kostka and loses puck.
14:49 of 1st period - Andrei Loktionov is hit by Enver Lisin.
15:18 of 1st period - Nick Spaling is hit by Steven Zalewski and loses puck.
15:33 of 1st period - Devin Setoguchi is hit by Michael Kostka and loses puck.
15:38 of 1st period - Slapshot by Enver Lisin.
15:38 of 1st period - Shot Misses the Net.
15:48 of 1st period - Wrist shot by Andrei Loktionov.
15:48 of 1st period - Stopped by Martin Biron with a rebound.
16:39 of 1st period - Snap shot by Sam Gagner.
16:39 of 1st period - Shot Misses the Net.
16:47 of 1st period - Devin Setoguchi is hit by Jakub Kindl and loses puck.
17:10 of 1st period - Devin Setoguchi is hit by Michael Haley and loses puck.
17:57 of 1st period - Wrist shot by Yan Stastny.
17:57 of 1st period - Stopped by Martin Biron without a rebound.
17:58 of 1st period - Andrei Loktionov wins face-off versus Sam Gagner in Blackdemons zone.
18:13 of 1st period - Snap shot by Cam Janssen.
18:13 of 1st period - Shot Misses the Net.
18:23 of 1st period - Stu Bickel is hit by Wayne Primeau and loses puck.
19:14 of 1st period - Jakub Kindl is hit by Stu Bickel and loses puck.
19:58 of 1st period - Andrew MacDonald is hit by Stu Bickel and loses puck.
Goals for this period are 0 for Blackdemons vs 0 for Staline.
Shots for this period are 7 for Blackdemons vs 10 for Staline.

2nd period


0:01 of 2nd period - Sam Gagner wins face-off versus Yan Stastny in neutral zone.
0:06 of 2nd period - Snap shot by Enver Lisin.
0:06 of 2nd period - Shot Misses the Net.
0:08 of 2nd period - Wrist shot by Enver Lisin.
0:08 of 2nd period - Stopped by Tobias Stephan with a rebound.
0:10 of 2nd period - Snap shot by Zach Boychuk.
0:10 of 2nd period - Stopped by Tobias Stephan without a rebound.
0:11 of 2nd period - Sam Gagner wins face-off versus Yan Stastny in Staline zone.
0:19 of 2nd period - Off-side.
0:20 of 2nd period - Zach Boychuk wins face-off versus Yan Stastny in neutral zone.
0:25 of 2nd period - Snap shot by Sam Gagner.
0:25 of 2nd period - Shot Blocked by Devin Setoguchi.
0:59 of 2nd period - Michael Kostka is hit by T.J. Fast and loses puck.
1:10 of 2nd period - Wrist shot by Pierre-Luc Létourneau.
1:10 of 2nd period - Shot Misses the Net.
1:12 of 2nd period - Backhand shot by Devin Setoguchi.
1:12 of 2nd period - Stopped by Martin Biron with a rebound.
1:14 of 2nd period - Wrist shot by Pierre-Luc Létourneau.
1:14 of 2nd period - Shot Misses the Net.
1:16 of 2nd period - Slapshot by Pierre-Luc Létourneau.
1:16 of 2nd period - Stopped by Martin Biron without a rebound.
1:17 of 2nd period - Shawn Matthias wins face-off versus Andrei Loktionov in Blackdemons zone.
1:22 of 2nd period - Slapshot by Jakub Kindl.
1:22 of 2nd period - Shot Blocked by Torey Krug.
1:28 of 2nd period - Wrist shot by Michael Haley.
1:28 of 2nd period - Stopped by Tobias Stephan with a rebound.
2:07 of 2nd period - Jared Boll is hit by Andrew MacDonald and loses puck.
2:12 of 2nd period - Slapshot by Michael Kostka.
2:12 of 2nd period - Stopped by Tobias Stephan without a rebound.
2:13 of 2nd period - Cam Janssen wins face-off versus Shawn Matthias in Staline zone.
2:22 of 2nd period - Snap shot by Andrei Loktionov.
2:22 of 2nd period - Shot Blocked by Shawn Matthias.
2:46 of 2nd period - Snap shot by Zach Boychuk.
2:46 of 2nd period - Stopped by Tobias Stephan with a rebound.
2:48 of 2nd period - Slapshot by Michael Kostka.
2:48 of 2nd period - Stopped by Tobias Stephan with a rebound.
2:50 of 2nd period - Slapshot by Enver Lisin.
2:50 of 2nd period - Shot Blocked by Stu Bickel.
2:56 of 2nd period - Minor Penalty to Devin Setoguchi for Tripping.
2:57 of 2nd period - Sam Gagner wins face-off versus Pierre-Luc Létourneau in Staline zone.
3:00 of 2nd period - Wrist shot by Enver Lisin.
3:00 of 2nd period - Shot Misses the Net.
3:06 of 2nd period - Slapshot by Brendon Nash.
3:06 of 2nd period - Shot Misses the Net.
3:08 of 2nd period - Snap shot by Enver Lisin.
3:08 of 2nd period - Stopped by Tobias Stephan without a rebound.
3:08 of 2nd period - Minor Penalty to Tobias Stephan for Delaying the game.
3:09 of 2nd period - Sam Gagner wins face-off versus Nick Spaling in Staline zone.
3:24 of 2nd period - Backhand shot by Enver Lisin.
3:24 of 2nd period - Shot Blocked by Stu Bickel.
4:01 of 2nd period - Keith Aulie is hit by Zach Boychuk and loses puck.
4:56 of 2nd period - Penalty to Devin Setoguchi is over, Devin Setoguchi is back on ice.
5:07 of 2nd period - Theo Peckham is hit by Nate Prosser and loses puck.
5:08 of 2nd period - Penalty to Pierre-Luc Létourneau is over, Pierre-Luc Létourneau is back on ice.
5:24 of 2nd period - Slapshot by Nate Prosser.
5:24 of 2nd period - Stopped by Tobias Stephan without a rebound.
5:25 of 2nd period - Yan Stastny wins face-off versus Alyn McCauley in Staline zone.
5:25 of 2nd period - Yan Stastny is hit by Alyn McCauley.
5:31 of 2nd period - Snap shot by Devin Setoguchi.
5:31 of 2nd period - Shot Misses the Net.
6:00 of 2nd period - Minor Penalty to Matt Calvert for Hooking.
6:01 of 2nd period - Yan Stastny wins face-off versus Wayne Primeau in Blackdemons zone.
6:15 of 2nd period - Slapshot by Pierre-Luc Létourneau.
6:15 of 2nd period - Stopped by Martin Biron with a rebound.
6:46 of 2nd period - Wrist shot by Pierre-Luc Létourneau.
6:46 of 2nd period - Shot Misses the Net.
6:48 of 2nd period - Wrist shot by Pierre-Luc Létourneau.
6:48 of 2nd period - Stopped by Martin Biron without a rebound.
6:49 of 2nd period - Andrei Loktionov wins face-off versus Wayne Primeau in Blackdemons zone.
7:47 of 2nd period - Andrei Loktionov is hit by Brendon Nash and loses puck.
8:00 of 2nd period - Penalty to Matt Calvert is over, Matt Calvert is back on ice.
8:07 of 2nd period - Minor Penalty to Mathieu Perreault for Hooking.
8:08 of 2nd period - Sam Gagner wins face-off versus Pierre-Luc Létourneau in Staline zone.
8:15 of 2nd period - Wrist shot by Sam Gagner.
8:15 of 2nd period - Stopped by Tobias Stephan with a rebound.
8:17 of 2nd period - Wrist shot by Zach Boychuk.
8:17 of 2nd period - Shot Misses the Net.
8:19 of 2nd period - Wrist shot by Enver Lisin.
8:19 of 2nd period - Blackdemons goal is going for a video replay.
8:19 of 2nd period - The goal is refused. The net was displaced accidentally..
8:20 of 2nd period - Sam Gagner wins face-off versus Pierre-Luc Létourneau in Staline zone.
10:07 of 2nd period - Penalty to Mathieu Perreault is over, Mathieu Perreault is back on ice.
10:16 of 2nd period - Brendon Nash is hit by Cody Eakin.
10:26 of 2nd period - Minor Penalty to Steven Zalewski for Roughing.
10:27 of 2nd period - Mason Raymond wins face-off versus Wayne Primeau in Blackdemons zone.
11:01 of 2nd period - Snap shot by Barry Tallackson.
11:01 of 2nd period - Shot Blocked by Devin Setoguchi.
11:16 of 2nd period - Minor Penalty to Matt Hunwick for Holding.
11:17 of 2nd period - Andrei Loktionov wins face-off versus Wayne Primeau in Blackdemons zone.
11:21 of 2nd period - Snap shot by Mason Raymond.
11:21 of 2nd period - Deflect By Cam Janssen.
11:21 of 2nd period - Shot Misses the Net.
11:21 of 2nd period - Puck is out of play.
11:22 of 2nd period - Wayne Primeau wins face-off versus Mason Raymond in Blackdemons zone.
11:53 of 2nd period - Slapshot by Stu Bickel.
11:53 of 2nd period - Deflect By Devin Setoguchi.
11:53 of 2nd period - Shot Misses the Net.
11:53 of 2nd period - Puck is out of play.
11:54 of 2nd period - Wayne Primeau wins face-off versus Yan Stastny in Blackdemons zone.
12:03 of 2nd period - Snap shot by Yan Stastny.
12:03 of 2nd period - Shot Misses the Net.
12:17 of 2nd period - Slapshot by Devin Setoguchi.
12:17 of 2nd period - Shot Misses the Net.
12:19 of 2nd period - Backhand shot by T.J. Fast.
12:19 of 2nd period - Shot Blocked by Jakub Kindl.
12:26 of 2nd period - Penalty to Steven Zalewski is over, Steven Zalewski is back on ice.
12:29 of 2nd period - Snap shot by Devin Setoguchi.
12:29 of 2nd period - Goal by Devin Setoguchi - Blackdemons : 0 - Staline : 1.
12:30 of 2nd period - Sam Gagner wins face-off versus Andrei Loktionov in neutral zone.
12:35 of 2nd period - Cam Janssen is hit by Michael Kostka and loses puck.
12:40 of 2nd period - Snap shot by Zach Boychuk.
12:40 of 2nd period - Shot Misses the Net.
12:42 of 2nd period - Slapshot by Brendon Nash.
12:42 of 2nd period - Shot Blocked by Stu Bickel.
12:44 of 2nd period - Backhand shot by Zach Boychuk.
12:44 of 2nd period - Stopped by Tobias Stephan with a rebound.
12:46 of 2nd period - Slapshot by Michael Kostka.
12:46 of 2nd period - Stopped by Tobias Stephan without a rebound.
12:47 of 2nd period - Shawn Matthias wins face-off versus Yan Stastny in Staline zone.
13:12 of 2nd period - Stu Bickel is hit by Mathieu Dandenault and loses puck.
13:19 of 2nd period - Wrist shot by Wayne Primeau.
13:19 of 2nd period - Shot Misses the Net.
13:21 of 2nd period - Slapshot by Nate Prosser.
13:21 of 2nd period - Shot Blocked by T.J. Fast.
13:23 of 2nd period - Slapshot by Wayne Primeau.
13:23 of 2nd period - Shot Misses the Net.
13:25 of 2nd period - Slapshot by Mathieu Dandenault.
13:25 of 2nd period - Deflect By Wayne Primeau.
13:25 of 2nd period - Stopped by Tobias Stephan without a rebound.
13:26 of 2nd period - Sam Gagner wins face-off versus Mathieu Perreault in Staline zone.
13:53 of 2nd period - Jakub Kindl is hit by Yan Stastny and loses puck.
14:02 of 2nd period - Wrist shot by Devin Setoguchi.
14:02 of 2nd period - Shot Blocked by Nate Prosser.
14:12 of 2nd period - Torey Krug is hit by Jakub Kindl and loses puck.
14:19 of 2nd period - Nate Prosser is hit by Andrei Loktionov and loses puck.
15:01 of 2nd period - Nick Spaling is hit by Alyn McCauley and loses puck.
15:12 of 2nd period - Nick Spaling is hit by Mathieu Dandenault and loses puck.
15:21 of 2nd period - Slapshot by J.T. Wyman.
15:21 of 2nd period - Shot Blocked by Mathieu Dandenault.
15:23 of 2nd period - Snap shot by Nick Spaling.
15:23 of 2nd period - Stopped by Martin Biron with a rebound.
15:25 of 2nd period - Snap shot by Nick Spaling.
15:25 of 2nd period - Shot Misses the Net.
15:27 of 2nd period - Wrist shot by Nick Spaling.
15:27 of 2nd period - Stopped by Martin Biron with a rebound.
15:29 of 2nd period - Snap shot by Mathieu Perreault.
15:29 of 2nd period - Shot Misses the Net.
15:31 of 2nd period - Slapshot by Nick Spaling.
15:31 of 2nd period - Shot Misses the Net.
15:33 of 2nd period - Wrist shot by J.T. Wyman.
15:33 of 2nd period - Deflect By Nick Spaling.
15:33 of 2nd period - Shot Misses the Net.
15:33 of 2nd period - Puck is out of play.
15:34 of 2nd period - Yan Stastny wins face-off versus Zach Boychuk in Blackdemons zone.
15:39 of 2nd period - Snap shot by Pierre-Luc Létourneau.
15:39 of 2nd period - Shot Blocked by Sam Gagner.
16:07 of 2nd period - Minor Penalty to Torey Krug for Roughing.
16:08 of 2nd period - Pierre-Luc Létourneau wins face-off versus Sam Gagner in Staline zone.
16:08 of 2nd period - Pierre-Luc Létourneau is hit by Brendon Nash.
18:07 of 2nd period - Penalty to Torey Krug is over, Torey Krug is back on ice.
18:23 of 2nd period - Mason Raymond is hit by Luca Caputi and loses puck.
18:40 of 2nd period - Slapshot by T.J. Fast.
18:40 of 2nd period - Stopped by Martin Biron with a rebound.
18:42 of 2nd period - Wrist shot by Cody Eakin.
18:42 of 2nd period - Stopped by Martin Biron with a rebound.
18:44 of 2nd period - Wrist shot by Cody Eakin.
18:44 of 2nd period - Stopped by Martin Biron with a rebound.
18:46 of 2nd period - Snap shot by Cody Eakin.
18:46 of 2nd period - Deflect By Jared Boll.
18:46 of 2nd period - Stopped by Martin Biron with a rebound.
18:48 of 2nd period - Wrist shot by T.J. Fast.
18:48 of 2nd period - Shot Blocked by Jakub Kindl.
19:14 of 2nd period - Matt Hunwick is hit by J.T. Wyman and loses puck.
19:31 of 2nd period - Snap shot by Matt Hunwick.
19:31 of 2nd period - Stopped by Tobias Stephan with a rebound.
19:33 of 2nd period - Slapshot by Jakub Kindl.
19:33 of 2nd period - Goal by Jakub Kindl - Blackdemons : 1 - Staline : 1.
19:34 of 2nd period - Yan Stastny wins face-off versus Sam Gagner in neutral zone.
19:45 of 2nd period - Snap shot by Yan Stastny.
19:45 of 2nd period - Goal by Yan Stastny - Blackdemons : 1 - Staline : 2.
19:46 of 2nd period - Sam Gagner wins face-off versus Yan Stastny in neutral zone.
Goals for this period are 1 for Blackdemons vs 2 for Staline.
Shots for this period are 15 for Blackdemons vs 12 for Staline.

3rd period


0:01 of 3rd period - Yan Stastny wins face-off versus Sam Gagner in neutral zone.
0:26 of 3rd period - Shawn Matthias is hit by Stu Bickel and loses puck.
0:33 of 3rd period - Wrist shot by Cam Janssen.
0:33 of 3rd period - Goal by Cam Janssen - Blackdemons : 1 - Staline : 3.
0:34 of 3rd period - Yan Stastny wins face-off versus Sam Gagner in neutral zone.
0:45 of 3rd period - Sam Gagner is hit by Devin Setoguchi and loses puck.
1:30 of 3rd period - Off-side.
1:31 of 3rd period - Sam Gagner wins face-off versus Devin Setoguchi in neutral zone.
2:19 of 3rd period - Cody Eakin is hit by Brendon Nash and loses puck.
2:37 of 3rd period - Off-side.
2:38 of 3rd period - Andrei Loktionov wins face-off versus Alyn McCauley in neutral zone.
3:25 of 3rd period - Wrist shot by Wayne Primeau.
3:25 of 3rd period - Stopped by Tobias Stephan with a rebound.
3:37 of 3rd period - Snap shot by Wayne Primeau.
3:37 of 3rd period - Shot Blocked by Stu Bickel.
4:21 of 3rd period - Cam Janssen is hit by Andrew MacDonald and loses puck.
4:55 of 3rd period - Theo Peckham is hit by Jakub Kindl and loses puck.
5:40 of 3rd period - Wrist shot by Yan Stastny.
5:40 of 3rd period - Shot Misses the Net.
5:54 of 3rd period - Wrist shot by Nick Spaling.
5:54 of 3rd period - Shot Blocked by Brendon Nash.
5:56 of 3rd period - Snap shot by J.T. Wyman.
5:56 of 3rd period - Stopped by Martin Biron with a rebound.
5:58 of 3rd period - Slapshot by T.J. Fast.
5:58 of 3rd period - Stopped by Martin Biron without a rebound.
5:59 of 3rd period - Yan Stastny wins face-off versus Shawn Matthias in Blackdemons zone.
6:10 of 3rd period - Backhand shot by Devin Setoguchi.
6:10 of 3rd period - Stopped by Martin Biron with a rebound.
6:12 of 3rd period - Snap shot by Pierre-Luc Létourneau.
6:12 of 3rd period - Shot Blocked by Andrew MacDonald.
6:45 of 3rd period - Wrist shot by Torey Krug.
6:45 of 3rd period - Shot Misses the Net.
6:51 of 3rd period - Wrist shot by Enver Lisin.
6:51 of 3rd period - Shot Misses the Net.
6:53 of 3rd period - Snap shot by Michael Kostka.
6:53 of 3rd period - Shot Blocked by Aaron Ness.
7:03 of 3rd period - Slapshot by Aaron Ness.
7:03 of 3rd period - Stopped by Martin Biron with a rebound.
7:23 of 3rd period - Slapshot by Michael Kostka.
7:23 of 3rd period - Shot Misses the Net.
7:27 of 3rd period - Slapshot by Barry Tallackson.
7:27 of 3rd period - Stopped by Tobias Stephan with a rebound.
7:29 of 3rd period - Wrist shot by Michael Haley.
7:29 of 3rd period - Shot Misses the Net.
7:31 of 3rd period - Snap shot by Michael Haley.
7:31 of 3rd period - Stopped by Tobias Stephan with a rebound.
7:57 of 3rd period - Mathieu Dandenault is hit by Cam Janssen and loses puck.
8:16 of 3rd period - Snap shot by Jared Boll.
8:16 of 3rd period - Stopped by Martin Biron without a rebound.
8:17 of 3rd period - Sam Gagner wins face-off versus Devin Setoguchi in Blackdemons zone.
8:44 of 3rd period - Mason Raymond is hit by Shawn Matthias and loses puck.
8:55 of 3rd period - Snap shot by Shawn Matthias.
8:55 of 3rd period - Stopped by Tobias Stephan without a rebound.
8:56 of 3rd period - Sam Gagner wins face-off versus Yan Stastny in Staline zone.
9:03 of 3rd period - Snap shot by Zach Boychuk.
9:03 of 3rd period - Shot Misses the Net.
9:05 of 3rd period - Wrist shot by Sam Gagner.
9:05 of 3rd period - Stopped by Tobias Stephan without a rebound.
9:06 of 3rd period - Pierre-Luc Létourneau wins face-off versus Sam Gagner in Staline zone.
9:27 of 3rd period - Wrist shot by Zach Boychuk.
9:27 of 3rd period - Shot Misses the Net.
9:33 of 3rd period - Snap shot by Sam Gagner.
9:33 of 3rd period - Shot Blocked by Devin Setoguchi.
9:35 of 3rd period - Snap shot by Andrew MacDonald.
9:35 of 3rd period - Stopped by Tobias Stephan without a rebound.
9:36 of 3rd period - Andrei Loktionov wins face-off versus Shawn Matthias in Staline zone.
9:36 of 3rd period - Andrei Loktionov is hit by Michael Haley.
9:43 of 3rd period - Off-side.
9:44 of 3rd period - Shawn Matthias wins face-off versus Andrei Loktionov in neutral zone.
9:44 of 3rd period - Shawn Matthias is hit by Mason Raymond.
10:13 of 3rd period - Off-side.
10:14 of 3rd period - Yan Stastny wins face-off versus Sam Gagner in neutral zone.
10:41 of 3rd period - Wayne Primeau is hit by Stu Bickel and loses puck.
10:46 of 3rd period - Slapshot by J.T. Wyman.
10:46 of 3rd period - Stopped by Martin Biron without a rebound.
10:47 of 3rd period - Andrei Loktionov wins face-off versus Sam Gagner in Blackdemons zone.
10:48 of 3rd period - Snap shot by Mason Raymond.
10:48 of 3rd period - Shot Misses the Net.
10:56 of 3rd period - Snap shot by Sam Gagner.
10:56 of 3rd period - Goal by Sam Gagner - Blackdemons : 2 - Staline : 3.
10:57 of 3rd period - Yan Stastny wins face-off versus Sam Gagner in neutral zone.
11:09 of 3rd period - Snap shot by Enver Lisin.
11:09 of 3rd period - Shot Blocked by Yan Stastny.
11:11 of 3rd period - Snap shot by Enver Lisin.
11:11 of 3rd period - Shot Misses the Net.
11:13 of 3rd period - Wrist shot by Enver Lisin.
11:13 of 3rd period - Stopped by Tobias Stephan with a rebound.
11:25 of 3rd period - Wrist shot by Shawn Matthias.
11:25 of 3rd period - Shot Blocked by Stu Bickel.
11:27 of 3rd period - Snap shot by Michael Haley.
11:27 of 3rd period - Deflect By Shawn Matthias.
11:27 of 3rd period - Shot Misses the Net.
11:27 of 3rd period - Puck is out of play.
11:28 of 3rd period - Shawn Matthias wins face-off versus Andrei Loktionov in Staline zone.
11:38 of 3rd period - Off-side.
11:39 of 3rd period - Sam Gagner wins face-off versus Yan Stastny in neutral zone.
11:49 of 3rd period - Off-side.
11:50 of 3rd period - Sam Gagner wins face-off versus Yan Stastny in neutral zone.
12:17 of 3rd period - Cam Janssen is hit by Shawn Matthias and loses puck.
12:58 of 3rd period - Wrist shot by Jared Boll.
12:58 of 3rd period - Shot Misses the Net.
13:00 of 3rd period - Snap shot by Jared Boll.
13:00 of 3rd period - Stopped by Martin Biron without a rebound.
13:01 of 3rd period - Cody Eakin wins face-off versus Sam Gagner in Blackdemons zone.
13:04 of 3rd period - Snap shot by Jared Boll.
13:04 of 3rd period - Goal by Jared Boll - Blackdemons : 2 - Staline : 4.
13:05 of 3rd period - Yan Stastny wins face-off versus Sam Gagner in neutral zone.
13:09 of 3rd period - Off-side.
13:10 of 3rd period - Sam Gagner wins face-off versus Yan Stastny in neutral zone.
13:35 of 3rd period - Slapshot by Michael Kostka.
13:35 of 3rd period - Deflect By Andrei Loktionov.
13:35 of 3rd period - Stopped by Tobias Stephan without a rebound.
13:36 of 3rd period - Andrei Loktionov wins face-off versus Shawn Matthias in Staline zone.
14:01 of 3rd period - Andrei Loktionov is hit by Jakub Kindl.
14:06 of 3rd period - Off-side.
14:07 of 3rd period - Wayne Primeau wins face-off versus Yan Stastny in neutral zone.
14:10 of 3rd period - Devin Setoguchi is hit by Matt Calvert and loses puck.
14:59 of 3rd period - Snap shot by James Sheppard.
14:59 of 3rd period - Shot Blocked by Michael Haley.
15:01 of 3rd period - Slapshot by Cody Eakin.
15:01 of 3rd period - Shot Blocked by Michael Kostka.
15:03 of 3rd period - Wrist shot by Cody Eakin.
15:03 of 3rd period - Shot Blocked by Brendon Nash.
15:19 of 3rd period - Wrist shot by Alyn McCauley.
15:19 of 3rd period - Stopped by Tobias Stephan with a rebound.
15:35 of 3rd period - Wrist shot by Mathieu Dandenault.
15:35 of 3rd period - Stopped by Tobias Stephan without a rebound.
15:36 of 3rd period - Wayne Primeau wins face-off versus Yan Stastny in Staline zone.
15:53 of 3rd period - Slapshot by Aaron Ness.
15:53 of 3rd period - Shot Misses the Net.
16:04 of 3rd period - Minor Penalty to Aaron Ness for Hooking.
16:05 of 3rd period - Sam Gagner wins face-off versus Pierre-Luc Létourneau in Staline zone.
16:20 of 3rd period - Snap shot by Sam Gagner.
16:20 of 3rd period - Stopped by Tobias Stephan with a rebound.
17:39 of 3rd period - Stu Bickel is hit by Nate Prosser and loses puck.
18:04 of 3rd period - Penalty to Aaron Ness is over, Aaron Ness is back on ice.
18:11 of 3rd period - Icing by Andrew MacDonald.
18:12 of 3rd period - Alyn McCauley wins face-off versus Andrei Loktionov in Blackdemons zone.
19:58 of 3rd period - Yan Stastny is hit by Enver Lisin and loses puck.
Goals for this period are 1 for Blackdemons vs 2 for Staline.
Shots for this period are 12 for Blackdemons vs 9 for Staline.


Output by the SimonT Hockey Simulator (STHS) for François Prévost -- Original Page W3C XHTML 1.0 Valid
Hockey Simulator - Hockey Simulation - Hockey Manager